 Dungeon Crawl Stone Soup version 0.31.0-32-g396128a36d (webtiles) character file.

Game seed: 12468558280766709730

14672 Bubbliscious the Basher (level 11, 0/148 HPs)
             Began as a Minotaur Berserker on Apr 2, 2024.
             Was an Elder of Trog.
             Slain by a kobold blastminer (6 damage)
             ... on level 2 of the Orcish Mines.
             The game lasted 01:27:55 (11523 turns).

Bubbliscious the Basher (Minotaur Berserker)       Turns: 11523, Time: 01:27:56

Health: 0/148      AC: 19    Str: 26    XL:     11   Next: 91%
Magic:  10/10      EV:  9    Int:  4    God:    Trog [****..]
Gold:   274        SH:  0    Dex: 10    Spells: 10/10 levels left

rFire   . . .        a - +4 morningstar (freeze)
rCold   . . .        (no shield)
rNeg    . . .        g - +1 plate armour
rPois   .            (helmet restricted)
rElec   .            t - +0 cloak
rCorr   +            v - +1 pair of gloves
SInv    .            D - +0 pair of boots
Will    ++...        (no amulet) Stlth
                     o - ring of resist corrosion
HPRegen 1.44/turn    (no ring)
MPRegen 0.12/turn

%: no passive effects
@: berserking, strong-willed, regenerating, studying Polearms, very quick
A: horns 2, retaliatory headbutt
a: Renounce Religion, Berserk, Trog's Hand, Brothers in Arms


You were on level 2 of the Orcish Mines.
You worshipped Trog.
Trog was greatly pleased with you.
You visited 3 branches of the dungeon, and saw 14 of its levels.
You also visited: Sewer.

You collected 1157 gold pieces.
You spent 883 gold pieces at shops.

Inventory:

Hand Weapons
 a - a +4 morningstar of freezing (weapon)
 b - a +2 sling of freezing
 E - a +3 great mace
Missiles
 w - 58 stones (quivered)
Armour
 g - a +1 plate armour (worn)
 t - a +0 cloak (worn)
 v - a +1 pair of gloves (worn)
 D - a +0 pair of boots (worn)
Jewellery
 o - a ring of resist corrosion (left hand)
 s - an amulet of regeneration
 G - an amulet of reflection
Wands
 u - a wand of flame (8)
 C - a wand of charming (10)
 J - a wand of mindburst (17)
 N - a wand of iceblast (12)
Scrolls
 c - 4 scrolls of poison
 d - a scroll of fog
 i - 3 scrolls of revelation
 m - 3 scrolls of identify
 n - a scroll of brand weapon {unknown}
 p - 2 scrolls of teleportation
 q - 2 scrolls of butterflies
 r - a scroll of enchant weapon
 y - a scroll of vulnerability
 z - 2 scrolls of immolation
 A - 3 scrolls of amnesia
 O - 3 scrolls of fear
Potions
 e - a potion of mutation
 f - 3 potions of might
 h - 2 potions of lignification
 j - 3 potions of enlightenment
 k - 2 potions of haste
 l - a potion of attraction
 B - 2 potions of invisibility
 H - 2 potions of curing
 I - a potion of brilliance


   Skills:
 - Level 10.0 Fighting
 - Level 11.0(14.4) Axes
 - Level 12.3(14.0) Maces & Flails
 + Level 9.0(11.3) Polearms
 + Level 8.0 Ranged Weapons
 - Level 8.0 Armour
 - Level 5.0 Dodging


You had 10 spell levels left.
You didn't know any spells.
Your spell library contained the following spells:

 Spells                   Type           Power      Damage    Failure   Level
 Call Canine Familiar     Summ           0%         N/A       100%        3
 Sigil of Binding         Hex            0%         N/A       100%        3
 Dimensional Bullseye     Hex/Tloc       0%         N/A       100%        4


Dungeon Overview and Level Annotations

Branches:
Dungeon (11/15)            Temple (1/1) D:5            Lair (0/5) D:10
    Orc (2/2) D:10            Elf (0/3) Orc:2         Sewer (visited)

Altars:
Ashenzari
Cheibriados
Dithmenos
Elyvilon
Fedhas
Gozag
Hepliaklqana
Kikubaaqudgha
Makhleb
Nemelex Xobeh
Okawaru
Qazlal
Ru
Sif Muna
Trog
Uskayaw
Vehumet
Wu Jian
Xom
Yredelemnul
Zin
The Shining One

Shops:
D:7 *   Orc:2 *

Annotations:
D:8 !Erica, Erica


Innate Abilities, Weirdness & Mutations

You have a pair of horns on your head.
You reflexively headbutt those who attack you in melee.


Message History

A kobold blastminer comes into view.
The orc warrior moves out of view.
You impale the kobold blastminer!! You freeze the kobold blastminer.
The kobold blastminer is severely wounded.
A warg comes into view.
The kobold blastminer blasts its cannon at you.
The iron shot hits you!!
The kobold blastminer is knocked back by the blast.
The kobold blastminer unwields a +0 arbalest.
The kobold blastminer hits you!
The warg howls!
You hear a shout!
Your skin crawls.
You feel strong-willed.
The kobold blastminer blasts its cannon at you.
The iron shot hits you!!
The kobold blastminer is knocked back by the blast.
The kobold blastminer wields a +0 arbalest.
The kobold blastminer shoots a bolt.
The bolt hits you!
* * * LOW HITPOINT WARNING * * *
You hear a howl!
A red film seems to cover your vision as you go berserk!
You feel yourself moving faster!
You feel mighty!
The kobold blastminer wields a +0 arbalest.
The kobold blastminer shoots a bolt.
The bolt hits you!
* * * LOW HITPOINT WARNING * * *
The kobold blastminer shoots a bolt.
The bolt hits you.
* * * LOW HITPOINT WARNING * * *
An orc wizard and a kobold blastminer come into view.
You feel a strong urge to attack something.
The orc wizard shouts!
The kobold blastminer shouts!
You hear a shout!
The kobold blastminer blasts its cannon at you.
The iron shot hits you!!
* * * LOW HITPOINT WARNING * * *
The kobold blastminer is knocked back by the blast.
An orc comes into view. It is wielding a +0 short sword.
An orc wizard comes into view. It is wielding a +0 dagger.
The kobold blastminer unwields a +0 arbalest.
The kobold blastminer hits you.
You die...

.....#.......###
....#....#....##
.........##....#
##.##....#....##
#####........#.### #
#.............##
#...._.........# .#
................##..##
#.##.........#..@.....#
# #.............KK#..##
..#........##K#hK# ...#
..........#.oo#... ...
.....#...........## .#
.................. #
..o.. ..K. ...o ..#o.#


You could see 5 kobold blastminers, a warg, an orc warrior, 3 orc wizards and an
orc (wandering).

Vanquished Creatures
  An ettin (Orc:2)
  The ghost of TerraPolaris the Severer, a journeyman MiFi of Okawaru (D:10)
  A two-headed ogre (D:7)
  A tengu warrior (D:10)
  The ghost of firemarshallily the Fighter, a novice DsGl (D:7)
  An orc knight (Orc:1)
  An orc sorcerer (Orc:1)
  An elephant (D:10)
  Joseph (D:8)
  Maggie (D:8)
  4 kobold demonologists
  An unseen horror (D:10)
  Jeremiah (D:9)
  An unseen horror skeleton (D:7)
  A troll (Orc:2)
  Grinder (D:5)
  12 yaks
  3 steam dragons
  A basilisk (D:10)
  A warg (Orc:2)
  2 acid dragons (D:10)
  2 water moccasins (D:7)
  13 orc warriors
  2 sky beasts
  A black bear (D:10)
  5 ogres
  A phantom (D:5)
  6 kobold brigands
  A gnoll sergeant (D:6)
  A wyvern zombie (D:7)
  A scorpion (D:7)
  4 bullfrogs
  7 wights (D:9)
  7 killer bees
  4 howler monkeys
  2 bombardier beetles
  A centaur zombie (D:7)
  2 jellies
  9 orc priests
  2 hounds
  A centaur skeleton (D:7)
  A sleepcap (D:6)
  18 orc wizards
  3 gnolls (D:6)
  13 adders
  2 river rats (D:6)
  2 shadow imps
  2 white imps
  11 dart slugs
  5 ribbon worms
  44 orcs
  18 ball pythons
  15 endoplasms
  8 giant cockroaches
  9 goblins
  3 hobgoblins (D:2)
  7 jackals
  2 quokkas (D:1)
  4 bats
  10 frilled lizards
  22 kobolds
  5 rats
314 creatures vanquished.

Notes
Turn   | Place    | Note
-------+----------+-------------------------------------------
     0 | D:1      | Bubbliscious the Minotaur Berserker began the quest for the
                  | Orb.
     0 | D:1      | Reached XP level 1. HP: 19/19 MP: 0/0
   167 | D:1      | Reached XP level 2. HP: 27/27 MP: 1/1
   697 | D:2      | Reached XP level 3. HP: 33/33 MP: 2/2
  1005 | D:2      | Reached XP level 4. HP: 36/41 MP: 3/3
  1199 | D:2      | Reached ** piety under Trog
  1664 | D:3      | Reached skill level 1 in Maces & Flails
  1842 | D:3      | Reached XP level 5. HP: 47/47 MP: 4/4
  2674 | D:4      | Reached skill level 2 in Maces & Flails
  2843 | D:4      | Reached skill level 5 in Fighting
  2843 | D:4      | Reached skill level 3 in Maces & Flails
  2843 | D:4      | Reached XP level 6. HP: 49/56 MP: 5/5
  2846 | D:4      | Noticed an orc warrior
  2850 | D:4      | Killed an orc warrior
  3105 | D:4      | Found a sacrificial altar of Ru.
  3321 | D:5      | Entered Level 5 of the Dungeon
  3480 | D:5      | Found a hazy altar of Hepliaklqana.
  3770 | D:5      | Noticed Grinder
  3770 | D:5      | Paralysed by Grinder for 4 turns
  3796 | D:5      | Killed Grinder
  3797 | D:5      | Reached skill level 5 in Axes
  3797 | D:5      | Reached skill level 5 in Armour
  3797 | D:5      | Reached XP level 7. HP: 26/61 MP: 6/6
  4198 | D:5      | Found a staircase to the Ecumenical Temple.
  4207 | Temple   | Entered the Ecumenical Temple
  4463 | D:5      | Reached skill level 5 in Dodging
  4550 | D:6      | Found a shimmering blue altar of Sif Muna.
  4636 | D:6      | Reached XP level 8. HP: 56/70 MP: 7/7
  4872 | D:6      | Reached skill level 4 in Maces & Flails
  4954 | D:6      | Found a glowing drain.
  4962 | Sewer    | Entered a sewer
  5078 | Sewer    | Reached *** piety under Trog
  5175 | Sewer    | Reached skill level 5 in Maces & Flails
  5393 | D:6      | Reached skill level 1 in Ranged Weapons
  5959 | D:6      | Found a radiant altar of Vehumet.
  6081 | D:7      | Found a runed translucent gate.
  6081 | D:7      | Found a runed translucent gate.
  6081 | D:7      | Found a runed translucent gate.
  6082 | D:7      | Noticed firemarshallily's ghost (novice DsGl)
  6112 | D:7      | Killed firemarshallily's ghost
  6113 | D:7      | Reached skill level 6 in Maces & Flails
  6113 | D:7      | Reached XP level 9. HP: 36/79 MP: 8/8
  6116 | D:7      | Reached skill level 7 in Maces & Flails
  6250 | D:7      | Found a snail-covered altar of Cheibriados.
  6605 | D:7      | Found a burning altar of Makhleb.
  6835 | D:7      | Reached skill level 8 in Maces & Flails
  6890 | D:7      | Found a broken altar of Ashenzari.
  6936 | D:7      | Found a shadowy altar of Dithmenos.
  7061 | D:7      | Found Ziomatt's Serpentskin Sales.
  7075 | D:7      | Bought a scroll of poison for 52 gold pieces
  7075 | D:7      | Bought a +2 hand axe of venom for 202 gold pieces
  7245 | D:8      | Noticed Maggie
  7251 | D:8      | Noticed Joseph
  7277 | D:8      | Killed Joseph
  7278 | D:8      | Reached skill level 9 in Maces & Flails
  7278 | D:8      | Reached XP level 10. HP: 90/90 MP: 9/9
  7283 | D:8      | Killed Maggie
  7300 | D:8      | Noticed a two-headed ogre
  7306 | D:8      | Reached **** piety under Trog
  7464 | D:7      | Killed a two-headed ogre
  7465 | D:7      | Reached skill level 5 in Ranged Weapons
  7709 | D:8      | Found a sparkling altar of Nemelex Xobeh.
  7709 | D:8      | Found a basalt altar of Yredelemnul.
  7835 | D:8      | Noticed Erica
  8252 | D:10     | Entered Level 10 of the Dungeon
  8431 | D:9      | Reached skill level 10 in Maces & Flails
  8761 | D:9      | Noticed Jeremiah
  8829 | D:9      | Reached skill level 1 in Polearms
  8836 | D:9      | Killed Jeremiah
  9201 | D:10     | Found an iron altar of Okawaru.
  9281 | D:10     | Noticed a tengu warrior
  9294 | D:10     | Reached skill level 10 in Axes
  9382 | D:10     | Killed a tengu warrior
  9383 | D:10     | Reached XP level 11. HP: 74/99 MP: 10/10
  9496 | D:10     | Reached skill level 11 in Maces & Flails
  9614 | D:10     | Noticed a soul eater
  9786 | D:10     | Reached skill level 10 in Fighting
  9804 | D:10     | Found a staircase to the Orcish Mines.
  9807 | D:10     | Reached skill level 5 in Polearms
  9833 | D:10     | Found a staircase to the Lair.
  9883 | D:10     | Found a runed translucent gate.
  9883 | D:10     | Found a runed translucent gate.
  9883 | D:10     | Found a runed translucent gate.
  9884 | D:10     | Noticed TerraPolaris's ghost (journeyman MiFi)
  9900 | D:10     | Killed TerraPolaris's ghost
 10105 | D:10     | Reached skill level 12 in Maces & Flails
 10462 | D:11     | Noticed a boulder beetle
 10507 | Orc:1    | Entered Level 1 of the Orcish Mines
 10508 | Orc:1    | Noticed an orc sorcerer
 10517 | Orc:1    | Killed an orc sorcerer
 10551 | Orc:1    | Noticed an orc knight
 10573 | Orc:1    | Killed an orc knight
 10916 | Orc:2    | Entered Level 2 of the Orcish Mines
 10991 | Orc:2    | Noticed an ettin
 10998 | Orc:2    | Killed an ettin
 11307 | Orc:2    | Found a staircase to the Elven Halls.
 11329 | Orc:2    | Found Qulof's General Store.
 11340 | Orc:2    | Bought an amulet of regeneration for 510 gold pieces
 11340 | Orc:2    | Bought a potion of curing for 51 gold pieces
 11340 | Orc:2    | Bought a scroll of identify for 34 gold pieces
 11340 | Orc:2    | Bought a scroll of identify for 34 gold pieces
 11352 | Orc:2    | Found a burning altar of Makhleb.
 11523 | Orc:2    | HP: 6/148 [kobold blastminer/iron shot (20)]
 11523 | Orc:2    | Slain by a kobold blastminer

Illustrated notes

Levels and vault maps discovered:
D:1:      scummos_arrival_hexagon, layout_basic
D:2:      layout_rooms, minivault_4
D:3:      layout_basic, minmay_randomly_rotated_circles
D:4:      layout_basic, mainiacjoe_overflow_cross_hatched, minmay_manual_maat
D:5:      layout_gridville, nicolae_hepliaklqana_hazy_memory,
          minmay_temple_entry_poolview, uniq_grinder
D:6:      layout_gridville, mainiacjoe_overflow_concentric_impassable,
          vehumet_crystals, lightli_sewer_entry_pipes
D:7:      nicolae_cairo_tiling_very_big, layout_basic,
          mainiacjoe_overflow_catch_the_wave, kennysheep_slug_shrine,
          lemuel_crystal_altar, gammafunk_ghost_necromancy, guppyfry_shop_venom
D:8:      layout_basic, gammafunk_temple_overflow_elements, kennysheep_diamond,
          uniq_joseph, uniq_maggie, uniq_erica
D:9:      layout_long_grid, uniq_jeremiah
D:10:     layout_roguey, mainiacjoe_overflow_tiny_flanked, david_lair_generic,
          david_orc_3, ebering_ghost_rock_garden, nicolae_nh_ransacked_shop
D:11:     layout_gridville, minmay_stone_trees_small, hangedman_misty_isle,
          uniq_josephine, uniq_erolcha
Temple:   nicolae_temple_ecumenical_triangle
Orc:1:    layout_caves
Orc:2:    kennysheep_orc_mage_school, layout_caves, serial_shops,
          nicolae_shop_crystal, basic_altar

Skill      XL: |  1  2  3  4  5  6  7  8  9 10 11 |
---------------+----------------------------------+-----
Axes           | 4 5 6 7 9 10 11 | 11.0
Fighting       | 4 5 6 7 8 9 10 | 10.0
Armour         | 3 4 5 6 7 8 |  8.0
Dodging        | 3 4 5 |  5.0
Maces & Flails | 1 3 6 9 10 12 | 12.3
Ranged Weapons | 2 4 6 8 |  8.0
Polearms       | 3 9 |  9.0

Action                     |  1- 3 |  4- 6 |  7- 9 | 10-12 || total
---------------------------+-------+-------+-------+-------++-------
  Melee: Hand axe          |    61 |    56 |   103 |    86 ||   306
         Headbutt          |     7 |    16 |    37 |    57 ||   117
         Whip              |       |    82 |       |       ||    82
         Punch             |       |       |     2 |     4 ||     6
         Flail             |       |       |   162 |    34 ||   196
         Morningstar       |       |       |       |   265 ||   265
   Fire: Sling             |       |       |     4 |     7 ||    11
 Invoke: Berserk           |     2 |     6 |     6 |    11 ||    25
         Trog's Hand       |       |     5 |     3 |    17 ||    25
  Evoke: Wand              |       |       |     2 |     5 ||     7
    Use: Scroll            |     1 |       |       |    18 ||    19
         Potion            |       |       |       |     5 ||     5
 Armour: Animal skin       |     7 |       |       |       ||     7
         Leather armour    |    26 |    27 |       |       ||    53
         Scale mail        |       |     9 |       |       ||     9
         Chain mail        |       |     9 |       |       ||     9
         Plate armour      |       |    24 |   355 |   326 ||   705
  Dodge: Dodged            |    36 |    70 |   164 |   149 ||   419
  Block: Other             |       |       |    33 |    74 ||   107
         Reflection        |       |       |       |     3 ||     3
